 Dungeon Crawl Stone Soup version 0.30.1-11-g7821555f0a (webtiles) character file.

Game seed: 325699944515395530

406 jfcaron the Ruffian (level 6, -10/93 HPs)
             Began as an Ogre Monk on Nov 16, 2023.
             Was a Believer of the Shining One.
             Mangled by an orc warrior
             ... wielding a +0 dire flail
              (14 damage)
             ... on level 4 of the Dungeon.
             The game lasted 00:08:13 (4336 turns).

jfcaron the Ruffian (Ogre Monk)                     Turns: 4336, Time: 00:08:14

Health: -10/93     AC:  4    Str: 18    XL:     6   Next: 87%
Magic:  6/6        EV: 10    Int: 11    God:    the Shining One [**....]
Gold:   295        SH:  0    Dex: 11    Spells: 5/5 levels left

rFire   . .          .
                       - Unarmed
rCold   . . .        c - orb {light}
rNeg    + . .        a - +0 robe
rPois   .            (helmet restricted)
rElec   .            g - +0 cloak
rCorr   +            (gloves unavailable)
SInv    .            (boots unavailable)
Will    .....        (no amulet) Stlth
                     r - ring of resist corrosion
HPRegen 0.35/turn    (no ring)
MPRegen 0.10/turn

%: no passive effects
@: berserking, glowing, very quick
A: large, unfitting armour, tough skin 1
a: Renounce Religion, Divine Shield


You were on level 4 of the Dungeon.
You worshipped the Shining One.
The Shining One was pleased with you.
You visited 2 branches of the dungeon, and saw 5 of its levels.

You collected 295 gold pieces.

Inventory:

Missiles
 e - 38 stones
 h - 8 boomerangs
 j - 2 boomerangs of dispersal {!f}
 s - 6 javelins
 u - 12 large rocks
 v - a curare-tipped dart {!f}
 w - 11 poisoned darts
Armour
 a - a +0 robe (worn)
 c - an orb of light (worn)
 g - a +0 cloak (worn)
Jewellery
 k - a ring of fire
   (You found it on level 1 of the Dungeon)
 r - a ring of resist corrosion (left hand)
Scrolls
 d - a scroll of enchant weapon
 l - a scroll of butterflies
 o - a scroll of noise
 q - a scroll of teleportation
 t - 3 scrolls of fear
 x - a scroll of immolation {unknown}
Potions
 b - a potion of brilliance
 f - a potion of haste
 i - a potion of cancellation
 n - a potion of lignification
 p - a potion of resistance {unknown}


   Skills:
 - Level 4.0 Fighting
 - Level 2.6 Dodging
 + Level 6.8 Unarmed Combat


You had 5 spell levels left.
You didn't know any spells.
Your spell library contained the following spells:

 Spells                   Type           Power      Damage    Failure   Level
 Ensorcelled Hibernation  Hex/Ice        0%         N/A       47%         2
 Passwall                 Tmut/Erth      0%         N/A       47%         2
 Dazzling Flash           Conj/Hex       0%         N/A       71%         3
 Inner Flame              Hex/Fire       0%         N/A       71%         3
 Swiftness                Air            0%         N/A       71%         3
 Volatile Blastmotes      Fire/Tloc      0%         2d10      71%         3
 Iskenderun's Mystic Bla  Conj/Tloc      0%         2d3       98%         4
 Yara's Violent Unravell  Hex/Tmut       0%         3d3       100%        5
 Starburst                Conj/Fire      0%         6d3       100%        6
 Enfeeble                 Hex            0%         N/A       100%        7


Dungeon Overview and Level Annotations

Branches:
Dungeon (4/15)             Temple (1/1) D:4

Altars:
Ashenzari
Cheibriados
Elyvilon
Fedhas
Gozag
Hepliaklqana
Kikubaaqudgha
Makhleb
Nemelex Xobeh
Okawaru
Ru
Sif Muna
Uskayaw
Vehumet
Wu Jian
Xom
Yredelemnul
The Shining One

Annotations:
D:4 3 runed translucent doors come back with rF+, ChrisAssaf's ghost, amateur GnCj


Innate Abilities, Weirdness & Mutations

You are too large for most types of armour.
You have tough skin. (AC +1)


Message History

Aim: an orc warrior, wielding a +0 dire flail and wearing a +0 plate armour (lightly wounded, poisoned, 57% to hit)
You throw a poisoned dart. The poisoned dart hits the orc warrior.
The orc warrior is lightly wounded.
The orc shouts!
Throw: 13 darts (poison)
Press: ? - help, Shift-Dir - straight line, f/p - orc warrior
Aim: an orc warrior, wielding a +0 dire flail and wearing a +0 plate armour (lightly wounded, poisoned, haloed, 77% to hit)
You throw a poisoned dart. The poisoned dart hits the orc warrior.
The orc warrior looks even sicker.
The orc warrior is lightly wounded.
Throw: 12 darts (poison)
Press: ? - help, Shift-Dir - straight line, f/p - orc warrior
Aim: an orc warrior, wielding a +0 dire flail and wearing a +0 plate armour (moderately wounded, very poisoned, haloed, 77% to hit)
You throw a poisoned dart. The poisoned dart hits the orc warrior.
The orc warrior looks even sicker.
The orc warrior is moderately wounded.
The orc warrior attacks as you move away!
The orc warrior hits you with a +0 dire flail!
You fail to use your ability.
The orc warrior hits you with a +0 dire flail!
You barely miss the orc warrior.
The orc warrior is heavily wounded.
The orc warrior hits you with a +0 dire flail!
You hit the orc warrior but do no damage.
The orc warrior is heavily wounded.
The orc warrior hits you with a +0 dire flail!
* * * LOW HITPOINT WARNING * * *
You hit the orc warrior but do no damage.
The orc warrior is severely wounded.
The orc warrior hits you with a +0 dire flail.
* * * LOW HITPOINT WARNING * * *
You hit the orc warrior.
The orc warrior is severely wounded.
The orc warrior hits you with a +0 dire flail!
* * * LOW HITPOINT WARNING * * *
It was a potion of berserk rage.
A red film seems to cover your vision as you go berserk!
You feel yourself moving faster!
You feel mighty!
The orc warrior hits you with a +0 dire flail!
You die...

##.#~#.....#~#.....(###b.#
#..#~~~~~~~~~#....(.# ##o#
#..###.....###.#....# oo.†
.[..................# [...[#
########....#...#..###.....#
#.##.####..## #.[.[.# #.##.#
#o..# ####### #.##.####o#.#
#.##...##@#.##
#.#....##.#..# #
#.........##.# #####
##....##...#.#
....######...##.#...#
##...........##.##..#
####..####...##.##..#
..###...##...##.##..## ..#
###..#...##.##...#####


You could see an orc warrior (poisoned) and an orc.

Vanquished Creatures
  A kobold brigand (D:4)
  An orc priest (D:3)
  A hound (D:4)
  4 orc wizards
  7 adders
  An ufetubus (D:4)
  A worm (D:2)
  2 dart slugs
  7 orcs
  6 endoplasms
  A giant cockroach (D:3)
  8 hobgoblins
  5 jackals
  A quokka (D:1)
  8 ball pythons
  A bat (D:1)
  4 frilled lizards
  7 goblins
  31 kobolds
  5 rats
102 creatures vanquished.

Notes
Turn   | Place    | Note
-------+----------+-------------------------------------------
     0 | D:1      | jfcaron the Ogre Monk began the quest for the Orb.
     0 | D:1      | Reached XP level 1. HP: 24/24 MP: 1/1
    49 | D:1      | Reached skill level 3 in Unarmed Combat
    63 | D:1      | Reached XP level 2. HP: 20/32 MP: 2/2
   446 | D:1      | Reached XP level 3. HP: 36/39 MP: 3/3
   616 | D:1      | Reached skill level 4 in Unarmed Combat
  1476 | D:2      | Reached XP level 4. HP: 48/48 MP: 4/4
  2414 | D:3      | Reached skill level 5 in Unarmed Combat
  2414 | D:3      | Reached XP level 5. HP: 46/54 MP: 5/5
  2971 | D:4      | Found a staircase to the Ecumenical Temple.
  3075 | D:3      | Reached skill level 6 in Unarmed Combat
  3075 | D:3      | Reached XP level 6. HP: 27/62 MP: 6/6
  3211 | Temple   | Entered the Ecumenical Temple
  3375 | Temple   | Became a worshipper of the Shining One
  3375 | Temple   | Reached * piety under the Shining One
  3375 | Temple   | Reached ** piety under the Shining One
  3406 | D:4      | Noticed an orc warrior
  3600 | D:4      | Noticed ChrisAssaf's ghost (amateur GnCj)
  3601 | D:4      | Found a runed translucent gate.
  3602 | D:4      | Found a runed translucent gate.
  3603 | D:4      | Found a runed translucent gate.
  3861 | D:4      | HP: 14/93 [kobold brigand/+0 dagger (6)]
  4335 | D:4      | HP: 2/62 [orc warrior/+0 dire flail (11)]
  4336 | D:4      | Mangled by an orc warrior

Illustrated notes

Levels and vault maps discovered:
D:1:      doesnt_arrival_eight_statues, layout_rooms, serial_forest,
          infiniplex_forest_zigzag_1, infiniplex_forest_corner_2,
          infiniplex_forest_clump_curved, infiniplex_forest_clump_curved,
          infiniplex_forest_end_double, infiniplex_forest_split,
          infiniplex_forest_lined_room_, infiniplex_forest_straight_4
D:2:      layout_loops_corners, kennysheep_path_1, nicolae_figureground_pulse
D:3:      layout_loops_ring
D:4:      kennysheep_kobold_camp, layout_rooms, minmay_temple_entry_water_ring,
          ebering_ghost_rock_garden, nicolae_nh_ransacked_shop
Temple:   nicolae_temple_two_arcs

Skill      XL: |  1  2  3  4  5 |
---------------+----------------+-----
Unarmed Combat | 3 4 5 6 |  6.8
Fighting       | |  4.0
Dodging        | |  2.6

Action                     |  1- 3 |  4- 6 || total
---------------------------+-------+-------++-------
  Melee: Unarmed           |   255 |   191 ||   446
  Throw: Dart              |       |     8 ||     8
 Invoke: Divine Shield     |       |     2 ||     2
    Use: Potion            |       |     3 ||     3
         Scroll            |       |    11 ||    11
 Armour: Robe              |    33 |    61 ||    94
         Skin              |       |    12 ||    12
  Dodge: Dodged            |    59 |    96 ||   155
  Block: Orb               |       |    12 ||    12

Table legend: (Time is in decaauts)
 A = Elapsed time spent in this place.
 B = Non-inter-level travel time spent in this place.
 C = Inter-level travel time spent in this place.
 D = Time resting spent in this place.
 E = Time spent auto-exploring this place.
 F = Levels seen in this place.
 G = Mean time per level.
                   A        B        C        D        E       F      G
               +--------+--------+--------+--------+--------+-----+--------+
         Total |   4300 |   3970 |    330 |    517 |   2680 |   5 |  860.0 |
       Dungeon |   4128 |   3838 |    290 |    517 |   2562 |   4 | 1032.0 |
        Temple |    172 |    132 |     40 |      0 |    118 |   1 |  172.0 |
               +--------+--------+--------+--------+--------+-----+--------+

Top non-repeatable levels by time:
     D:2: 1180 daAuts
     D:1: 1021 daAuts
     D:4: 991 daAuts
     D:3: 934 daAuts
  Temple: 172 daAuts

Table legend:
 A = Kills in this place as a percentage of kills in the entire game.
 B = Kills by you in this place as a percentage of kills by you in the entire game.
 C = Kills by friends in this place as a percentage of kills by friends in the entire game.
 D = Other kills in this place as a percentage of other kills in the entire game.
 E = Experience gained in this place as a percentage of experience gained in the entire game.
 F = Experience gained in this place divided by the number of levels of this place that you have seen.
                   A       B       C       D       E      F
               +-------+-------+-------+-------+-------+----------------------
         Total | 100.0 | 100.0 |   N/A |   N/A | 100.0 | 116.0
       Dungeon | 100.0 | 100.0 |   N/A |   N/A | 100.0 | 145.0
               +-------+-------+-------+-------+-------+----------------------

Levels and vault maps discovered:
D:1:      doesnt_arrival_eight_statues, layout_rooms, serial_forest,
          infiniplex_forest_zigzag_1, infiniplex_forest_corner_2,
          infiniplex_forest_clump_curved, infiniplex_forest_clump_curved,
          infiniplex_forest_end_double, infiniplex_forest_split,
          infiniplex_forest_lined_room_, infiniplex_forest_straight_4
D:2:      layout_loops_corners, kennysheep_path_1, nicolae_figureground_pulse
D:3:      layout_loops_ring
D:4:      kennysheep_kobold_camp, layout_rooms, minmay_temple_entry_water_ring,
          ebering_ghost_rock_garden, nicolae_nh_ransacked_shop
Temple:   nicolae_temple_two_arcs
